cohdb
Replays
Latest Replays
All Replays
Popular Replays
Top Player Replays
Match Explorer
How It Works
Community
CoH3 Stats
Reddit
Sign in to upload your games and track your stats! →
Sign in with Steam
Match 40124061
Unlisted
Match 40124061
Overview
Messages
Build Orders
End
Construct Barracks
Riflemen Squad
1⁄4-ton 4x4 Truck
Riflemen Squad
Grenade Package
Engineer Squad
Construct Weapon Support Center
M1919 Machine Gun Team
Bazooka Squad
Air Support Center
Selects Armored Battlegroup
Selects Assault Engineers
M3 Armored Personnel Carrier
Selects Strength in Steel
M1 Mortar Team
Construct Tank Depot
Selects M8 Scott SPG
M8 Scott SPG
Selects UNKNOWN (2160077)
M4A3E8 Sherman Easy Eight
Grasshopper Recon Run
P-47 Dive Bomb
Onne
killall
Paul Walker
Mocha
Buri
Ant066
DeVil»07
Shaide
0
0
Comments
sign in to comment!
No comments posted yet!